 Dungeon Crawl Stone Soup version 0.32-a0-42-ga30500b4d3 (webtiles) character file.

Game seed: 14906938416262540850

30 cforsyth the Magician (level 3, -3/29 HPs)
             Began as a Djinni Warper on Feb 3, 2024.
             Slain by Sigmund
             ... wielding a +0 scythe
              (10 damage)
             ... on level 2 of the Dungeon.
             The game lasted 00:01:38 (804 turns).

cforsyth the Magician (Djinni Warper)                Turns: 804, Time: 00:01:38

Health: -3/29      AC:  3    Str: 10    XL:     3   Next: 35%
Gold:   54         EV: 11    Int: 16    God:
                   SH:  0    Dex: 12

rFire   + + .        g - +2 dagger (venom)
rCold   x . .        (no shield)
rNeg    . . .        b - +0 leather armour
rPois   ∞            (no helmet)
rElec   .            (no cloak)
rCorr   .            (no gloves)
SInv    .            (boots unavailable)
Will    .....        (no amulet)
Stlth   +            (no ring)
HPRegen 0.24/turn    (no ring)
MPRegen 0.00/turn

%: infuse magic (-4 HP)
@: flying
A: sickness immunity, fire resistance 2, cold vulnerability 1, float, innate
caster, HP casting, extra vitality 1
a: no special abilities


You were on level 2 of the Dungeon.
You visited 1 branch of the dungeon, and saw 2 of its levels.

You collected 54 gold pieces.

Inventory:

Hand Weapons
 a - a +0 falchion
 g - a +2 dagger of venom (weapon)
Missiles
 d - 7 darts of dispersal
 e - 2 poisoned darts
Armour
 b - a +0 leather armour (worn)
Scrolls
 c - a scroll of blinking
 f - a scroll of amnesia {unknown}
 k - a scroll of noise {unknown}
 m - a scroll of identify {unknown}
Potions
 h - a potion of mutation {unknown}
 i - a potion of resistance {unknown}
 j - a potion of enlightenment {unknown}
 l - a potion of cancellation {unknown}


   Skills:
 + Level 2.8 Fighting
 - Level 1.7 Long Blades
 - Level 0.7 Throwing
 - Level 1.0 Armour
 - Level 2.1 Dodging
 + Level 3.3 Spellcasting
 + Level 3.3 Conjurations
 + Level 3.3 Hexes
 + Level 3.3 Summonings
 + Level 3.3 Necromancy
 + Level 3.3 Translocations
 + Level 3.3 Fire Magic
 + Level 3.3 Ice Magic
 + Level 3.3 Air Magic
 + Level 3.3 Earth Magic
 + Level 3.3 Alchemy


You knew the following spells:

 Your Spells              Type           Power      Damage    Failure   Level
a - Blink                 Tloc           26%        N/A       10%         2
b - Lesser Beckoning      Tloc           26%        N/A       10%         2
c - Teleport Other        Tloc           13%        N/A       19%         3
d - Manifold Assault      Tloc           13%        N/A       54%         4
e - Vhi's Electric Charg  Tloc/Air       26%        N/A       54%         4
f - Magic Dart            Conj           52%        1d5       6%          1
Your spell library was empty.

Dungeon Overview and Level Annotations

Branches:
Dungeon (2/15)

Altars:

Annotations:
D:2 Sigmund


Innate Abilities, Weirdness & Mutations

You are immune to sickness and miasma.
You are immune to poison.
Your flesh is very heat resistant. (rF++)
You are vulnerable to cold. (rC-)
You float through the air rather than walking.
You learn spells naturally, not from books.
Your magical power is your life essence.
You have superior vitality. (+4 MHP)


Message History

m - a scroll labelled SEGEANLYPUE
There is a stone staircase leading down here.
Found an escape hatch in the floor.
Found a stone staircase leading up.
Found a stone staircase leading down.
Sigmund the Dreaded comes into view.
He is wielding a +0 scythe.
Sigmund shouts!
Sigmund is nearby!
Sigmund is nearby!
The magic dart hits Sigmund.
Sigmund is lightly wounded.
Sigmund asks, "Do you like me?"
Casting: Magic Dart (safe; 6% risk of failure)
Confirm with . or Enter, or press ? or * to list all spells.
Okay, then.
You miscast Magic Dart.
You are very lightly contaminated with residual magic.
Nothing appears to happen.
Sigmund points at you and mumbles some strange words.
You resist with some effort.
You hit Sigmund.
Sigmund is lightly wounded.
Sigmund hits you with a +0 scythe!
You hit Sigmund.
Sigmund is poisoned.
Sigmund is lightly wounded.
You barely miss Sigmund.
Sigmund is lightly wounded.
Sigmund barely misses you.
You barely miss Sigmund.
Sigmund is moderately wounded.
You hit Sigmund.
Sigmund looks as sick as possible!
Sigmund is moderately wounded.
Sigmund hits you with a +0 scythe!
* * * LOW HITPOINT WARNING * * *
Your magical contamination has completely faded away.
You hit Sigmund.
Sigmund looks as sick as possible!
Sigmund is heavily wounded.
Sigmund hits you with a +0 scythe!
You die...
Sigmund begins carving another notch in his scythe.

.........
.........
.........
#.....!.. ###
#........ ##.#
#........ #..#
#@....... ##
###.## #@>...#
.## ###...#
##.#####
..###....## #..#
..##...### ###.##
..##.#.######...#
.......##.....###
....#.###.#####
.#..#.##..#
.#.......##


You could see Sigmund (extremely poisoned).

Vanquished Creatures
  2 ball pythons (D:1)
  4 bats (D:1)
  3 endoplasms (D:1)
  3 giant cockroaches (D:1)
  4 goblins (D:1)
  2 hobgoblins (D:1)
  2 kobolds
  4 frilled lizards
  2 rats (D:1)
26 creatures vanquished.

Notes
Turn   | Place    | Note
-------+----------+-------------------------------------------
     0 | D:1      | cforsyth the Djinni Warper began the quest for the Orb.
     0 | D:1      | cforsyth set off with the following spells memorised:
                  | Blink, Lesser Beckoning, Teleport Other, Manifold Assault,
                  | Vhi's Electric Charge.
     0 | D:1      | Reached XP level 1. HP: 18/18 MP: 0/0
   128 | D:1      | Reached XP level 2. HP: 22/23 MP: 0/0
   262 | D:1      | Reached XP level 3. HP: 17/29 MP: 0/0
   262 | D:1      | Learned a level 1 spell: Magic Dart
   794 | D:2      | Noticed Sigmund
   804 | D:2      | Slain by Sigmund

Illustrated notes

Levels and vault maps discovered:
D:1:      nzn_arrival_settlement, layout_basic
D:2:      layout_rooms, hellmonk_ecumenical_altar_prayer_group,
          kennysheep_potato, uniq_sigmund

Skill      XL: |  1 |
---------------+----+-----
Spellcasting   | 3 |  3.3
Conjurations   | 3 |  3.3
Hexes          | 3 |  3.3
Summonings     | 3 |  3.3
Necromancy     | 3 |  3.3
Translocations | 3 |  3.3
Fire Magic     | 3 |  3.3
Ice Magic      | 3 |  3.3
Air Magic      | 3 |  3.3
Earth Magic    | 3 |  3.3
Alchemy        | 3 |  3.3
Fighting       | |  2.8
Long Blades    | |  1.7
Throwing       | |  0.7
Armour         | |  1.0
Dodging        | |  2.1

Action                     || total
---------------------------++-------
  Melee: Falchion          ||    23
         Dagger            ||    32
   Cast: Magic Dart        ||    15
 Armour: Leather armour    ||    40
  Dodge: Dodged            ||    27

Table legend: (Time is in decaauts)
 A = Elapsed time spent in this place.
 B = Non-inter-level travel time spent in this place.
 C = Inter-level travel time spent in this place.
 D = Time resting spent in this place.
 E = Time spent auto-exploring this place.
 F = Levels seen in this place.
 G = Mean time per level.
                   A        B        C        D        E       F      G
               +--------+--------+--------+--------+--------+-----+--------+
         Total |    806 |    794 |     12 |      4 |    641 |   2 |  403.0 |
       Dungeon |    806 |    794 |     12 |      4 |    641 |   2 |  403.0 |
               +--------+--------+--------+--------+--------+-----+--------+

Top non-repeatable levels by time:
     D:1: 696 daAuts
     D:2: 109 daAuts
